 Dungeon Sprint DCSS version 0.30-a0-54-g2e61a25929 (webtiles) character file.

Game seed: 11363466525712175259

391 Ankalagon the Basher (level 6, -27/37 HPs)
             Began as a Gargoyle Fighter on Sept 8, 2022.
             Was an Initiate of Gozag.
             Annihilated by a boulder beetle (28 damage)
             ... in the Dungeon (Sprint II: "The Violet Keep of Menkaure").
             The game lasted 00:01:40 (311 turns).

Ankalagon the Basher (Gargoyle Fighter)              Turns: 311, Time: 00:01:41

Health: -27/37     AC: 11    Str: 19    XL:     6   Next: 80%
Magic:  6/6        EV:  9    Int:  9    God:    Gozag
Gold:   288        SH:  6    Dex: 11    Spells: 5/5 levels left

rFire   . . .      SeeInvis .    a - +0 flail
rCold   . . .      Faith    .    c - +0 buckler
rNeg    + . .      Spirit   .    b - +0 scale mail
rPois   ∞          Reflect  .    (no helmet)
rElec   +          Harm     .    (no cloak)
rCorr   .          Rampage  .    (no gloves)
Will    .....      NoTele   +    (no boots)
Stlth   ..........               (no amulet)
HPRegen 0.12/turn                (no ring)
MPRegen 0.10/turn                (no ring)

@: no status effects
A: sickness immunity, AC +4, negative energy resistance 1, electricity
resistance, torment resistance 1, petrification resistance
a: Renounce Religion, Potion Petition, Call Merchant, Bribe Branch


You were in the Dungeon.
You worshipped Gozag.
Gozag was aware of your devotion.
You visited 1 branch You collected 288 gold pieces.

Inventory:

Hand Weapons
 a - a +0 flail (weapon)
Armour
 b - a +0 scale mail (worn)
 c - a +0 buckler (worn)
Scrolls
 j - a scroll of blinking
Potions
 d - a potion of might
 e - a potion of curing
 g - a potion of haste
 h - 2 potions of magic


   Skills:
 - Level 3.2 Fighting
 * Level 11.7 Maces & Flails
 - Level 3.2 Armour
 + Level 9.5 Shields


You had 5 spell levels left.
You didn't know any spells.
Your spell library was empty.

Dungeon Overview and Level Annotations

Branches:
Dungeon (1/1)

Altars:
Cheibriados
Dithmenos
Elyvilon
Fedhas
Gozag
Hepliaklqana
Kikubaaqudgha
Makhleb
Nemelex Xobeh
Okawaru
Qazlal
Ru
Sif Muna
Trog
Uskayaw
Vehumet
Wu Jian
Xom
Yredelemnul
Zin
The Shining One
Jiyva
Lugonu


Innate Abilities, Weirdness & Mutations

You are immune to sickness and miasma.
Your stone body is resilient. (AC +4)
You are immune to poison.
You resist negative energy. (rN+)
You are resistant to electric shocks. (rElec)
You are resistant to unholy torment.
You are immune to petrification.


Message History

You kill the water moccasin!
Your Maces & Flails skill increases to level 11!
Your Shields skill increases to level 9!
You now have 288 gold pieces (gained 45).
Really walk into a travel-excluded area? [Y]es or [N]o only, please.
Really walk into a travel-excluded area? [Y]es or [N]o only, please.
Really walk into a travel-excluded area? [Y]es or [N]o only, please.
Really walk into a travel-excluded area?
Okay, then.
Unknown command.
Really walk into a travel-excluded area? [Y]es or [N]o only, please.
Really walk into a travel-excluded area? [Y]es or [N]o only, please.
Really walk into a travel-excluded area?
There is an open door here.
You close the door.
There is an open door here.
You start resting.
HP restored.
You open the door. 2 boulder beetles come into view.
Found 243 gold pieces.
The walls and floor vibrate strangely for a moment.
The boulder beetle barely misses you. The boulder beetle bites you!!
Ouch! That really hurt!
There is an open door here.
The boulder beetle attacks as you move away!
The boulder beetle bites you!
* * * LOW HITPOINT WARNING * * *
The boulder beetle leaps!
The boulder beetle curls into a ball and begins rolling!
There is an open door here.
The boulder beetle hits you!!
Ouch! That really hurt!
You die...
Your body crumbles into a pile of gold.

... $ #.. #.####$ .###
....# ...# $ ###..##
#..# $ #+###.##..#
+.^# ▓ ##.##..##..#
$#..# #▓ $
+.<○B##.+..####..####▓
##°##@.##....###...##▓
#○###.##......~~~~~~~
#°#○####~~.....~#'####
#..
..#~~~~~~~..~#..._. $
##.
B##~~~~~~~~§~#_._._ $
## ##~~~≈≈≈~§~§~#._._.
~~~~~~§≈§§~§~#_._._
+++#~≈§§§≈§§~#._._.
##≈§≈###≈≈#_._._


You could see a boulder beetle (rolling).

Vanquished Creatures
  Menkaure (D)
  A water moccasin (D)
  4 scorpions (D)
6 creatures vanquished.

Notes
Turn   | Place    | Note
-------+----------+-------------------------------------------
     0 | D        | Ankalagon the Gargoyle Fighter began the quest for the Orb.
     0 | D        | Reached XP level 1. HP: 14/14 MP: 1/1
     1 | D        | Noticed a scorpion
     1 | D        | Noticed a scorpion
     1 | D        | Noticed a scorpion
     1 | D        | Noticed a scorpion
     7 | D        | Killed a scorpion
     8 | D        | Reached skill level 6 in Maces & Flails
     8 | D        | Reached skill level 5 in Shields
     8 | D        | Reached XP level 2. HP: 17/19 MP: 2/2
     8 | D        | Reached XP level 3. HP: 21/23 MP: 3/3
     8 | D        | Reached XP level 4. HP: 26/28 MP: 4/4
    10 | D        | Killed a scorpion
    11 | D        | Reached skill level 8 in Maces & Flails
    11 | D        | Reached XP level 5. HP: 25/32 MP: 5/5
    20 | D        | Reached skill level 9 in Maces & Flails
    27 | D        | Reached skill level 10 in Maces & Flails
    27 | D        | Reached XP level 6. HP: 20/37 MP: 6/6
   160 | D        | Found a glowing golden altar of the Shining One.
   160 | D        | Found an ornate altar of the Wu Jian Council.
   160 | D        | Noticed Menkaure
   161 | D        | Found a shimmering altar of Xom.
   161 | D        | Found a sacrificial altar of Ru.
   181 | D        | Killed Menkaure
   185 | D        | Found a stormy altar of Qazlal.
   186 | D        | Found a basalt altar of Yredelemnul.
   186 | D        | Found a shimmering blue altar of Sif Muna.
   186 | D        | Found a viscous altar of Jiyva.
   186 | D        | Found a hazy altar of Hepliaklqana.
   187 | D        | Found a glowing silver altar of Zin.
   187 | D        | Found a bloodstained altar of Trog.
   187 | D        | Found an ancient bone altar of Kikubaaqudgha.
   187 | D        | Found a snail-covered altar of Cheibriados.
   188 | D        | Found a hide-covered altar of Uskayaw.
   188 | D        | Found a corrupted altar of Lugonu.
   188 | D        | Found a shadowy altar of Dithmenos.
   189 | D        | Found a radiant altar of Vehumet.
   189 | D        | Found a burning altar of Makhleb.
   189 | D        | Found a white marble altar of Elyvilon.
   190 | D        | Found a sparkling altar of Nemelex Xobeh.
   190 | D        | Found a blossoming altar of Fedhas.
   191 | D        | Found an iron altar of Okawaru.
   191 | D        | Found an opulent altar of Gozag.
   194 | D        | Noticed a water moccasin
   194 | D        | Noticed a water moccasin
   198 | D        | Noticed a flying skull
   198 | D        | Noticed a flying skull
   199 | D        | Became a worshipper of Gozag Ym Sagoz the Greedy
   211 | D        | Noticed a water moccasin
   226 | D        | Killed a water moccasin
   227 | D        | Reached skill level 11 in Maces & Flails
   306 | D        | Noticed a boulder beetle
   306 | D        | Noticed a boulder beetle
   308 | D        | HP: 1/37 [boulder beetle (16)]
   311 | D        | Annihilated by a boulder beetle

Illustrated notes

Levels and vault maps discovered:
D:        the_violet_keep_of_menkaure [sprint2_stairs_cluster_1,
          sprint2_shoproom, sprint2_temple, sprint2_basic_supplies,
          sprint2_obstacle_2, sprint2_obstacle_6, sprint2_obstacle_7,
          sprint2_obstacle_3, sprint2_obstacle_5, sprint2_timed_cluster_1,
          sprint2_smallroom_cluster_1, sprint2_smallroom_final_cluster_1,
          sprint2_transparent_cluster_1, sprint2_second_timed_cluster_1,
          sprint2_sniper_area_1, sprint2_heavy_combat_area_1,
          sprint2_mutation_trap_area_1, sprint2_forest_area_1,
          sprint2_light_combat_area_1, sprint2_behind_water_1,
          sprint2_near_end_vault_1]

Skill      XL: |  1  2  3  4  5  6 |
---------------+-------------------+-----
Maces & Flails | 6 8 10 11 | 11.7
Shields        | 5 6 8 9 |  9.5
Fighting       | |  3.2
Armour         | |  3.2

Action                   |  1- 3 |  4- 6 || total
-------------------------+-------+-------++-------
Melee: Flail             |     4 |    37 ||    41
  Use: Potion            |     1 |     1 ||     2
Armor: Scale mail        |     1 |    17 ||    18
Dodge: Dodged            |       |    11 ||    11
Block: Buckler           |     1 |     6 ||     7

Table legend: (Time is in decaauts)
 A = Elapsed time spent in this place.
 B = Non-inter-level travel time spent in this place.
 C = Inter-level travel time spent in this place.
 D = Time resting spent in this place.
 E = Time spent auto-exploring this place.
 F = Levels seen in this place.
 G = Mean time per level.
                   A        B        C        D        E       F      G
               +--------+--------+--------+--------+--------+-----+--------+
         Total |    319 |    319 |      0 |    194 |      0 |   1 |  319.0 |
       Dungeon |    319 |    319 |      0 |    194 |      0 |   1 |  319.0 |
               +--------+--------+--------+--------+--------+-----+--------+

Top non-repeatable levels by time:
       D: 319 daAuts
